 Dungeon Crawl Stone Soup version 0.24.0-13-gcf9b3192b9 (webtiles) character file.

Game seed: 11178541602163968808, levelgen mode: deterministic

110662 theswoord the Bludgeoner (level 16, -2/147 HPs)
             Began as a Demonspawn Monk on Nov 8, 2019.
             Was the Champion of Jiyva.
             Slain by a spark wasp (14 damage)
             ... on level 4 of the Spider Nest.
             The game lasted 01:13:04 (25709 turns).

theswoord the Bludgeoner (Demonspawn Monk)         Turns: 25709, Time: 01:13:04

Health: -2/147     AC: 35    Str: 21    XL:     16   Next: 7%
Magic:  0/16       EV: 17    Int: 11    God:    Jiyva [******]
Gold:   1586       SH:  5    Dex: 17    Spells: 15/15 levels left

rFire    + . .     SeeInvis +   m - +5 eveningstar (distort)
rCold    + + +     Gourm    .   K - +0 buckler
rNeg     + + .     Faith    .   a - +9 scale mail of Circular Logic {rC+ rN+}
rPois    +         Spirit   +   (helmet restricted)
rElec    .         Reflect  .   z - +0 cloak {MR+}
rCorr    +         Harm     .   o - +1 pair of gloves {Dex+3}
MR       ++...                  r - +1 pair of boots
Stlth    +.........             h - amulet of guardian spirit
HPRegen  0.34/turn              J - ring of see invisible
MPRegen  0.15/turn              w - ring of Pirim {rPois rC++}

@: sanguine armour, very slow
A: antennae 2, fangs 1, demonic guardian 1, fire resistance 1, negative energy
resistance 1, powered by death 2, robust 1, acidic bite, gelatinous body 1,
tendrils, sanguine armour 2
a: Request Jelly, Slimify, Cure Bad Mutation, Renounce Religion


You were on level 4 of the Spider Nest.
You worshipped Jiyva.
Jiyva was exalted by your worship.
You were very full.

You visited 4 branches of the dungeon, and saw 27 of its levels.
You also visited: Volcano.

You collected 2075 gold pieces.
You spent 489 gold pieces at shops.

Inventory:

Hand Weapons
 m - a +5 eveningstar of distortion (weapon)
Armour
 a - the +9 scale mail of Circular Logic (worn) {rC+ rN+}
   (You acquired it on level 8 of the Dungeon)

   It protects you from cold.
   It protects you from negative energy.
 o - a +1 pair of gloves of dexterity (worn)
 r - a +1 pair of boots (worn)
 z - a +0 cloak of magic resistance (worn)
 K - a +0 buckler (worn)
Jewellery
 f - an uncursed ring of magical power
 h - an amulet of guardian spirit (around neck)
 i - an uncursed ring of protection from fire
 w - the ring of Pirim (right hand) {rPois rC++}
   (You bought it in a shop on level 2 of the Orcish Mines)

   [ring of poison resistance]

   It greatly protects you from cold.
   It protects you from poison.
 E - an uncursed ring of positive energy
 G - an uncursed amulet of magic regeneration {unknown}
 H - an uncursed ring of poison resistance {unknown}
 J - a ring of see invisible (left hand)
Wands
 j - a wand of clouds (5)
 u - a wand of digging (1)
 y - a wand of disintegration (28)
 C - a wand of iceblast (6)
 O - a wand of scattershot (6)
Scrolls
 d - 5 scrolls of enchant armour
 e - 6 scrolls of teleportation
 g - 10 scrolls of remove curse
 l - 2 scrolls of fog
 v - 2 scrolls of fear
 x - 3 scrolls of identify
 D - 2 scrolls of blinking
 L - 2 scrolls of vulnerability
Potions
 k - 2 potions of magic
 n - 2 potions of lignification
 p - 8 potions of heal wounds
 q - 4 potions of ambrosia
 s - a potion of agility
 t - 3 potions of flight
 A - a potion of resistance
 B - 2 potions of brilliance
 F - 12 potions of curing
 I - a potion of degeneration
 N - a potion of mutation {unknown}
Comestibles
 b - 2 chunks of flesh
 c - 39 rations


   Skills:
 + Level 14.9 Fighting
 - Level 16.0 Maces & Flails
 + Level 13.0 Armour
 + Level 9.3 Dodging
 - Level 1.7 Stealth
 - Level 4.0 Shields


You had 15 spell levels left.
You didn't know any spells.
Your spell library contained the following spells:

 Spells                   Type           Power        Failure   Level  Hunger
 Magic Dart               Conj           #...         58%         1    ##.....
 Blink                    Tloc           N/A          75%         2    ###....
 Call Imp                 Summ           #.......     75%         2    ###....
 Ensorcelled Hibernation  Hex/Ice        #.....       75%         2    ###....
 Slow                     Hex            #.......     75%         2    ###....
 Conjure Flame            Conj/Fire      #.......     92%         3    ####...
 Mephitic Cloud           Conj/Pois/Air  #.......     92%         3    ####...
 Recall                   Summ/Tloc      N/A          92%         3    ####...
 Animate Dead             Necr           N/A          100%        4    #####..
 Borgnjor's Vile Clutch   Necr/Erth      #.........   100%        5    ######.
 Silence                  Hex/Air        #.........   100%        5    ######.
 Darkness                 Hex            #.........   100%        6    #######
 Death Channel            Necr           #.........   100%        6    #######
 Shadow Creatures         Summ           N/A          100%        6    #######
 Simulacrum               Ice/Necr       #.........   100%        6    #######


Dungeon Overview and Level Annotations

Branches:
Dungeon (15/15)            Temple (0/1) D:5            Lair (6/6) D:11
 Shoals (0/4) Lair:4       Spider (4/4) Lair:2        Slime (0/5) Lair:5
    Orc (2/2) D:9             Elf (0/3) Orc:2        Vaults (0/5) D:14
 Depths (0/5) D:15        Volcano (visited)

Altars:
Elyvilon
Kikubaaqudgha
Nemelex Xobeh
Okawaru
Qazlal
Ru
Trog
Wu Jian
Yredelemnul
The Shining One
Beogh
Jiyva

Shops:
Orc:2 [==(

Annotations:
D:14 3 runed translucent doors, MeekVeins's ghost, journeyman VSFi
Abyss:1 Nessos, Saint Roka


Innate Abilities, Weirdness & Mutations

You have a pair of antennae on your head.
A weak demonic guardian rushes to your aid.
You resist negative energy. (rN+)
You regenerate health from kills.
When seriously injured, your bleeding wounds create thick armour. (AC +9)
You have very sharp teeth.
Your flesh is heat resistant. (rF+)
You are robust. (+10% HP)
You have acidic saliva.
Your rubbery body absorbs attacks. (AC +1, EV +1)
You are covered in slimy tendrils that may disarm your opponents.


Message History

You miss the spark wasp. Your bite misses the spark wasp.
The spark wasp stings you!
* * * LOW HITPOINT WARNING * * *
The spark wasp shocks you!
* * * LOW HITPOINT WARNING * * *
Your quasit barely misses the spark wasp.
Your quasit closely misses the spark wasp.
Your quasit claws the spark wasp.
Your unstable footing causes you to fumble your attack.
The spark wasp stings you!
* * * LOW HITPOINT WARNING * * *
The spark wasp shocks you!
* * * LOW HITPOINT WARNING * * *
Your quasit bites the spark wasp but does no damage.
Your quasit barely misses the spark wasp.
Your quasit closely misses the spark wasp.
The spark wasp stings you!!
* * * LOW HITPOINT WARNING * * *
The spark wasp shocks you!
You die...

.^....#.##..# #..≈###..# ##....##
#...^..^#...####..≈≈####**#≈^..≈#
#...##..#....# ##.^.≈# *,*##≈..≈#
.........#..^# ##.≈..##*{* ###..≈
........^^...###≈##..≈#*+****##..
......^......''^.##..≈#*,{,{*#≈.≈
^....#.......'.^..≈..≈#*,,,{*#≈.≈
##..............5...≈##*{,,#####.
.^.##........###@y..≈##*{,*+..##≈
.............# ##...^.#*,,*+..≈..
.##......#...# ##≈≈.≈#*,,,##≈.≈.
.#...#^#.#..## ###.≈#*{,,{####.
.....#......# ##≈^≈#*,{{{* ##.
...#........# ###≈.≈##******##..
##.........## ##≈≈.≈≈##### ###≈..
....#.^....# ##≈...###...###.≈†.≈
....#.....^# #.....##.≈≈.##≈...≈#


You could see a spark wasp and a friendly quasit.

Vanquished Creatures
  A fire giant (D:15)
  3 ghost moths
  An emperor scorpion (Spider:4)
  A spark wasp (Spider:4)
  A yaktaur captain (D:14)
  A merfolk avatar (Lair:6)
  4 hydras
  5 two-headed ogres
  A queen ant (Lair:2)
  2 death yaks (Lair:4)
  A tengu warrior (D:14)
  6 orc high priests
  2 skeletal warriors (Volcano)
  4 unseen horrors
  3 anaconda skeletons (Volcano)
  An orc knight (Orc:1)
  A manticore (D:12)
  12 ugly things
  9 orb spiders
  12 wolf spiders
  3 cyclopes
  An orc sorcerer (Orc:2)
  3 elephants
  Joseph (D:9)
  A black mamba (Lair:5)
  A torpor snail (Spider:3)
  6 gargoyles
  A rime drake (shapeshifter) (D:13)
  8 spiny frogs
  A freezing wraith (D:15)
  3 komodo dragons
  6 rime drakes
  3 tengu conjurers
  A yaktaur (D:14)
  7 demonic crawlers
  A polar bear (Lair:6)
  3 meliai (Spider:4)
  7 trolls
  21 jumping spiders
  A wind drake (Lair:6)
  A queen bee (Spider:4)
  A polar bear (shapeshifter) (D:15)
  A wind drake (shapeshifter) (D:14)
  Grinder (D:4)
  7 hornets
  4 blink frogs
  5 hippogriffs
  2 flying skulls (Volcano)
  A wraith (D:15)
  23 tarantellas
  46 redbacks
  9 wyverns
  28 yaks
  5 basilisks
  8 vampire mosquitoes
  5 wargs
  Menkaure (D:5)
  14 soldier ants
  7 water moccasins
  2 acid dragons
  31 orc warriors
  8 porcupines
  3 sky beasts
  6 ice beasts
  A phantom (D:3)
  An eye of draining (D:11)
  9 wolves
  11 ogres
  10 crocodiles
  6 centaurs
  13 bullfrogs
  A wyvern zombie (D:14)
  A gnoll sergeant (D:8)
  A scorpion (D:10)
  24 killer bees
  5 howler monkeys
  3 spriggan skeletons (Volcano)
  6 electric eels
  A troll skeleton (Volcano)
  9 crimson imps
  A quasit (D:11)
  4 centaur zombies
  7 hounds
  2 jellies (D:7)
  Crazy Yiuf (D:7)
  28 orc priests
  34 orc wizards
  A gnoll shaman (D:7)
  2 bullfrog skeletons
  4 centaur skeletons
  5 iguanas
  30 worker ants
  2 bullfrog simulacra (D:8)
  A naga skeleton (Volcano)
  2 worker ant zombies
  18 adders
  3 gnolls (D:7)
  A howler monkey skeleton (D:10)
  A shadow imp (D:5)
  4 white imps (D:8)
  An ufetubus (D:8)
  2 oozes
  An adder zombie (D:8)
  An adder skeleton (D:4)
  10 worms
  6 leopard geckos
  82 orcs
  3 ball pythons
  7 giant cockroaches
  5 goblins
  10 hobgoblins
  13 jackals
  10 kobolds
  4 quokkas
  6 bats
  3 frilled lizards
  A giant cockroach zombie (D:5)
  A jackal zombie (D:5)
  A leopard gecko skeleton (D:4)
  A quokka simulacrum (D:8)
  A quokka zombie (D:9)
  8 rats
  A bush (D:7)
800 creatures vanquished.

Vanquished Creatures (collateral kills)
  An emperor scorpion (Spider:3)
  A very ugly thing (D:14)
  A hydra (Lair:5)
  2 orb spiders
  2 wolf spiders
  An orc knight (Orc:1)
  A komodo dragon (Lair:1)
  A yaktaur (D:14)
  5 jumping spiders
  A polar bear (Lair:6)
  2 redbacks
  2 basilisks
  A yak (Lair:6)
  A hungry ghost (D:9)
  A black bear (D:7)
  An orc warrior (D:9)
  2 ogres
  3 ice beasts (D:8)
  2 wolves (Lair:2)
  A centaur (D:14)
  A scorpion (D:8)
  A killer bee (Spider:4)
  A spriggan skeleton (Volcano)
  A jelly (D:8)
  5 orc wizards
  A white imp (D:8)
  4 orcs
  A goblin (D:9)
  A fungus (Lair:6)
48 creatures vanquished.

Vanquished Creatures (others)
  2 hydras
  A death yak (Lair:4)
  A sea snake (Lair:6)
  2 ugly things (D:14)
  2 orb spiders
  An orc sorcerer (Orc:2)
  A moth of wrath (Spider:1)
  A manticore (Lair:6)
  An elephant (Lair:5)
  A gargoyle (Volcano)
  A spiny frog (Lair:4)
  A rime drake (Lair:3)
  A troll (shapeshifter) (D:13)
  A troll (D:10)
  2 demonic crawlers
  A hornet (Spider:3)
  A jumping spider (Spider:4)
  A wind drake (Lair:6)
  2 polar bears (Lair:6)
  A slime creature (D:14)
  2 blink frogs
  2 alligator skeletons (Volcano)
  A wraith (D:11)
  2 wyverns (Lair:6)
  A flying skull (Volcano)
  A redback (Spider:3)
  3 yaks
  2 tarantellas (Spider:4)
  A steam dragon (D:10)
  A water moccasin (Lair:4)
  3 soldier ants (Lair:2)
  A porcupine (Lair:3)
  3 orc warriors
  An ice beast (D:13)
  A phantom (D:10)
  A wolf (Lair:5)
  A centaur (D:14)
  5 crocodiles
  2 bullfrogs
  A killer bee (Spider:4)
  3 centaur zombies
  116 jellies
  An orc priest (D:12)
  An orc wizard (Orc:2)
  2 worker ants (Lair:2)
  4 orcs
  14 fungi
  5 plants
206 creatures vanquished.

Grand Total: 1054 creatures vanquished

Notes
Turn   | Place    | Note
-------+----------+-------------------------------------------
     0 | D:1      | theswoord the Demonspawn Monk began the quest for the Orb.
     0 | D:1      | Reached XP level 1. HP: 18/18 MP: 1/1
   143 | D:1      | Reached skill level 3 in Maces & Flails
   489 | D:1      | Gained mutation: You regenerate a little health from kills.
                  | [demonic ancestry]
   489 | D:1      | Reached XP level 2. HP: 24/24 MP: 2/2
  1317 | D:2      | Gained mutation: A weak demonic guardian rushes to your
                  | aid. [demonic ancestry]
  1317 | D:2      | Reached XP level 3. HP: 21/29 MP: 3/3
  1402 | D:2      | Reached skill level 4 in Maces & Flails
  1629 | D:2      | Gained mutation: You have a pair of small antennae on your
                  | head. [demonic ancestry]
  1629 | D:2      | Reached XP level 4. HP: 22/35 MP: 4/4
  2249 | D:3      | Noticed a phantom
  2274 | D:3      | Killed a phantom
  2274 | D:3      | Reached skill level 5 in Maces & Flails
  2274 | D:3      | Reached XP level 5. HP: 15/41 MP: 5/5
  2631 | D:3      | Reached skill level 6 in Maces & Flails
  3170 | D:3      | Found a white marble altar of Elyvilon.
  3231 | D:3      | Found a faded altar of an unknown god.
  3240 | D:3      | Found a basalt altar of Yredelemnul.
  3672 | D:4      | Gained mutation: When seriously injured, your bleeding
                  | wounds create armour. (AC +9) [demonic ancestry]
  3672 | D:4      | Reached XP level 6. HP: 37/47 MP: 4/6
  4101 | D:4      | Reached skill level 7 in Maces & Flails
  4748 | D:4      | Gained mutation: You regenerate health from kills. [demonic
                  | ancestry]
  4748 | D:4      | Reached XP level 7. HP: 44/52 MP: 7/7
  4916 | D:4      | Noticed Grinder
  4930 | D:4      | Paralysed by Grinder for 4 turns
  4948 | D:4      | Killed Grinder
  4948 | D:4      | Reached skill level 8 in Maces & Flails
  5236 | D:5      | Entered Level 5 of the Dungeon
  5331 | D:5      | Noticed Menkaure
  5348 | D:5      | Killed Menkaure
  5555 | D:5      | Found a staircase to the Ecumenical Temple.
  5846 | D:5      | Reached skill level 9 in Maces & Flails
  5846 | D:5      | Gained mutation: You have a pair of antennae on your head.
                  | [demonic ancestry]
  5846 | D:5      | Reached XP level 8. HP: 49/58 MP: 5/8
  6856 | D:6      | Found an ornate altar of the Wu Jian Council.
  6856 | D:6      | Found an ancient bone altar of Kikubaaqudgha.
  6857 | D:6      | Found a glowing golden altar of the Shining One.
  7170 | D:7      | Noticed a hippogriff
  7190 | D:7      | Killed a hippogriff
  7190 | D:7      | Reached skill level 10 in Maces & Flails
  7582 | D:7      | Identified a scroll of acquirement
  7585 | D:7      | Got a shimmering rapier
  7586 | D:7      | Identified the +1 rapier "Murmur" {pain, Int+4 Dex+4} (You
                  | acquired it on level 7 of the Dungeon)
  7872 | D:7      | Reached skill level 11 in Maces & Flails
  7872 | D:7      | Gained mutation: You resist negative energy. (rN+) [demonic
                  | ancestry]
  7872 | D:7      | Reached XP level 9. HP: 51/63 MP: 7/9
  8217 | D:7      | Found a runed translucent door.
  8218 | D:7      | Noticed Crazy Yiuf
  8226 | D:7      | Killed Crazy Yiuf
  8393 | D:8      | Got a twisted scale mail
  8404 | D:8      | Identified the +9 scale mail of Circular Logic {rC+ rN+}
                  | (You acquired it on level 8 of the Dungeon)
  8416 | D:8      | Noticed a two-headed ogre
  9025 | D:8      | Found a sparkling altar of Nemelex Xobeh.
  9327 | D:8      | Found a sacrificial altar of Ru.
  9370 | D:8      | Reached skill level 12 in Maces & Flails
  9500 | D:8      | Noticed a troll
  9612 | D:8      | Killed a troll
  9612 | D:8      | Reached skill level 1 in Armour
  9969 | D:8      | Reached XP level 10. HP: 73/73 MP: 10/10
 10079 | D:9      | Noticed a two-headed ogre
 10089 | D:9      | Killed a two-headed ogre
 10089 | D:9      | Reached skill level 5 in Fighting
 10108 | D:9      | Found an iron altar of Okawaru.
 10240 | D:9      | Found a staircase to the Orcish Mines.
 10355 | D:9      | Noticed Joseph
 10556 | D:9      | Killed Joseph
 10556 | D:9      | Reached skill level 5 in Armour
 10748 | D:9      | Noticed a two-headed ogre
 10752 | D:9      | Killed a two-headed ogre
 10825 | D:10     | Entered Level 10 of the Dungeon
 10825 | D:10     | Noticed an unseen horror
 10843 | D:9      | Killed an unseen horror
 10843 | D:9      | Reached skill level 13 in Maces & Flails
 10843 | D:9      | Reached XP level 11. HP: 84/84 MP: 11/11
 10861 | D:10     | Found a bloodstained altar of Trog.
 11378 | D:11     | Noticed a two-headed ogre
 11385 | D:11     | Killed a two-headed ogre
 11436 | D:11     | Noticed an unseen horror
 11438 | D:11     | Killed an unseen horror
 11891 | D:11     | Found a staircase to the Lair.
 11975 | D:11     | Noticed a tengu warrior
 12301 | D:11     | Banished a tengu warrior
 12301 | D:11     | Reached skill level 1 in Shields
 12341 | D:12     | Noticed a two-headed ogre
 12348 | D:12     | Killed a two-headed ogre
 12444 | Lair:1   | Entered Level 1 of the Lair of Beasts
 12846 | Lair:5   | Noticed a seven-headed hydra
 12881 | Lair:5   | Found a staircase to the Slime Pits.
 12881 | Lair:5   | Found a viscous altar of Jiyva.
 12888 | Lair:5   | Reached XP level 12. HP: 89/95 MP: 12/12
 12920 | Lair:5   | Became a worshipper of Jiyva Jexurea the Shapeless
 12920 | Lair:5   | Reached * piety under Jiyva
 12920 | Lair:5   | Reached ** piety under Jiyva
 13091 | Lair:2   | Found a dark tunnel.
 13096 | Volcano  | Entered a volcano
 13160 | Volcano  | Reached skill level 14 in Maces & Flails
 13522 | Lair:2   | Found a hole to the Spider Nest.
 13524 | Lair:2   | Reached skill level 10 in Fighting
 13852 | Lair:1   | Reached *** piety under Jiyva
 14307 | Lair:2   | Gained mutation: You have a small jelly attached to you
                  | that senses nearby items. [Jiyva's grace]
 14421 | Lair:2   | Noticed a queen ant
 14444 | Lair:2   | Killed a queen ant
 14459 | Lair:2   | Reached **** piety under Jiyva
 14490 | Lair:2   | Lost mutation: You have a small jelly attached to you that
                  | senses nearby items. [Jiyva's grace]
 14705 | Lair:2   | Reached ***** piety under Jiyva
 14894 | Lair:3   | Noticed a four-headed hydra
 14910 | Lair:3   | Killed a four-headed hydra
 14963 | Lair:3   | Gained mutation: Your system is resistant to poisons.
                  | (rPois) [Jiyva's grace]
 15055 | Lair:3   | Reached skill level 15 in Maces & Flails
 15110 | Lair:3   | Reached XP level 13. HP: 97/104 MP: 13/13
 15770 | Lair:4   | Gained mutation: You possess an exceptional clarity of
                  | mind. [Jiyva's grace]
 15780 | Lair:4   | Found a staircase to the Shoals.
 15838 | Lair:4   | Gained mutation: You have very sharp teeth. [Jiyva's grace]
 16324 | Lair:5   | Reached ****** piety under Jiyva
 16998 | Lair:6   | Entered Level 6 of the Lair of Beasts
 17121 | Lair:6   | Noticed Nessos
 17158 | Lair:6   | Banished Nessos
 17385 | Lair:6   | Reached skill level 16 in Maces & Flails
 17389 | Lair:6   | Lost mutation: You possess an exceptional clarity of mind.
                  | [Jiyva's grace]
 17459 | Lair:6   | Gained mutation: You have acidic saliva. [Jiyva's grace]
 17606 | Lair:6   | Gained mutation: Armour fits poorly on your pseudopods.
                  | [Jiyva's grace]
 18059 | Orc:1    | Entered Level 1 of the Orcish Mines
 18206 | Orc:1    | Gained mutation: When seriously injured, your bleeding
                  | wounds create thick armour. (AC +9) [demonic ancestry]
 18206 | Orc:1    | Reached XP level 14. HP: 86/115 MP: 11/14
 18357 | Orc:1    | Gained mutation: You have sharp toenails. [Jiyva's grace]
 18408 | Orc:1    | Lost mutation: Your system is resistant to poisons. (rPois)
                  | [Jiyva's grace]
 18460 | Orc:2    | Entered Level 2 of the Orcish Mines
 18485 | Orc:1    | Reached skill level 10 in Armour
 18500 | Orc:1    | Gained mutation: You are robust. (+10% HP) [Jiyva's grace]
 18548 | Orc:2    | Noticed Saint Roka
 18572 | Orc:1    | Lost mutation: You have sharp toenails. [Jiyva's grace]
 18669 | Orc:1    | Banished Saint Roka
 18754 | Orc:2    | Found a staircase to the Elven Halls.
 18903 | Orc:2    | Found Uhokk's Jewellery Shop.
 18903 | Orc:2    | Found Qifaar's Antique Weapon Shop.
 18912 | Orc:2    | Found Lasawah's Jewellery Boutique.
 19048 | Orc:2    | Found a roughly hewn altar of Beogh.
 19150 | Orc:2    | Found Tira's Antique Armour Boutique.
 19199 | Orc:2    | Noticed an orc warlord
 19617 | D:12     | Lost mutation: Armour fits poorly on your pseudopods.
                  | [Jiyva's grace]
 19747 | D:12     | Found a roughly hewn altar of Beogh.
 20281 | D:13     | Reached skill level 5 in Dodging
 20452 | D:14     | Noticed a purple very ugly thing
 20461 | D:14     | Killed a purple very ugly thing
 20602 | D:14     | Found a runed translucent gate.
 20603 | D:14     | Found a runed translucent gate.
 20604 | D:14     | Noticed a red very ugly thing
 20604 | D:14     | Found a runed translucent gate.
 20604 | D:14     | Noticed MeekVeins's ghost (journeyman VSFi)
 20705 | D:14     | Found a stormy altar of Qazlal.
 20755 | D:14     | Found a gate to the Vaults.
 20810 | D:14     | Gained mutation: You can translocate small distances at
                  | will. [Jiyva's grace]
 21054 | D:14     | Gained mutation: You possess an exceptional clarity of
                  | mind. [Jiyva's grace]
 21359 | D:15     | Entered Level 15 of the Dungeon
 21428 | D:15     | Found a staircase to the Depths.
 21428 | D:15     | Noticed a fire giant
 21452 | D:15     | Killed a fire giant
 21701 | D:15     | Reached XP level 15. HP: 125/136 MP: 14/15
 21948 | D:15     | Gained mutation: Your muscles are strong. (Str +2) [Jiyva's
                  | grace]
 22511 | D:13     | Gained mutation: You are dopey. (Int -2) [Jiyva's grace]
 22603 | Orc:2    | Lost mutation: You can translocate small distances at will.
                  | [Jiyva's grace]
 22608 | Orc:2    | Bought the ring of Pirim {rPois rC++} for 489 gold pieces
 22611 | Orc:2    | Gained mutation: Your body has grown golden eyes which may
                  | confuse attackers. (Acc +3) [Jiyva's grace]
 22629 | Orc:2    | Lost mutation: Your muscles are strong. (Str +2) [Jiyva's
                  | grace]
 22750 | Spider:1 | Entered Level 1 of the Spider Nest
 23502 | Spider:1 | Gained mutation: You are covered in slimy tendrils that may
                  | disarm your opponents. [Jiyva's grace]
 24103 | Spider:2 | Lost mutation: Your body has grown golden eyes which may
                  | confuse attackers. (Acc +3) [Jiyva's grace]
 24531 | Spider:3 | Lost mutation: You are dopey. (Int -2) [Jiyva's grace]
 24704 | Spider:3 | Killed a ghost moth
 24806 | Spider:4 | Entered Level 4 of the Spider Nest
 24877 | Spider:4 | Lost mutation: You possess an exceptional clarity of mind.
                  | [Jiyva's grace]
 24899 | Spider:4 | Gained mutation: Your rubbery body absorbs attacks. (AC +1,
                  | EV +1) [Jiyva's grace]
 24997 | Spider:4 | Noticed a ghost moth
 24999 | Spider:4 | Killed a ghost moth
 25131 | Spider:4 | Noticed a ghost moth
 25145 | Spider:4 | Killed a ghost moth
 25167 | Spider:4 | Gained mutation: Your flesh is heat resistant. (rF+)
                  | [Jiyva's grace]
 25476 | Spider:4 | Reached XP level 16. HP: 125/147 MP: 14/16
 25709 | Spider:4 | Slain by a spark wasp

Skill      XL: |  1  2  3  4  5  6  7  8  9 10 11 12 13 14 15 16 |
---------------+-------------------------------------------------+-----
Maces & Flails | 3 4 5 6 7 9 11 12 13 15 16 | 16.0
Armour         | 3 5 7 8 9 11 12 13 | 13.0
Dodging        | 3 6 9 |  9.3
Fighting       | 4 7 9 10 12 13 14 | 14.9
Shields        | 3 4 |  4.0
Stealth        | |  1.7

Action                   |  1- 3 |  4- 6 |  7- 9 | 10-12 | 13-15 | 16-18 || total
-------------------------+-------+-------+-------+-------+-------+-------++-------
Melee: Mace              |   165 |   146 |       |       |       |       ||   311
       Whip              |       |   217 |   862 |       |       |       ||  1079
       Eveningstar       |       |       |    35 |   717 |  1462 |    30 ||  2244
       Bite              |       |       |       |       |   177 |     5 ||   182
       Pseudopods        |       |       |       |       |    60 |       ||    60
Invok: Request Jelly     |       |       |       |       |     2 |       ||     2
Evoke: Wand              |       |       |     4 |     2 |     6 |       ||    12
  Use: Scroll            |     7 |     6 |    16 |     9 |    10 |       ||    48
       Potion            |       |     2 |     5 |     1 |     2 |       ||    10
 Stab: Sleeping          |     1 |       |       |       |       |       ||     1
       Distracted        |       |       |     4 |     3 |    13 |     1 ||    21
       Confused          |       |       |       |       |     1 |       ||     1
  Eat: Chunk             |     3 |    10 |    14 |    12 |       |       ||    39
       Ration            |       |       |     1 |       |       |       ||     1
Armor: Robe              |     8 |       |       |       |       |       ||     8
       Chain mail        |    71 |   244 |   104 |       |       |       ||   419
       Ring mail         |     6 |       |       |       |       |       ||     6
       Plate armour      |       |       |   138 |       |       |       ||   138
       Scale mail        |       |       |   118 |   325 |   828 |    12 ||  1283
Dodge: Dodged            |    81 |   110 |   226 |   304 |   952 |    10 ||  1683
Block: Buckler           |       |       |       |    81 |   391 |     6 ||   478

Levels and vault maps discovered:
D:1:      evilmike_arrival_plus, layout_loops_ring
D:2:      wander_river, layout_loops_ring, minivault_24
D:3:      layout_basic, lemuel_crystal_altar, overflow_temple_1_default,
          chequers_ecumenical_altar_simple, first_ration, st_stairs_6,
          minmay_misc_feat_columns, roderic_st_hans_cross
D:4:      layout_loops_corners, uniq_grinder
D:5:      layout_basic, minmay_temple_entry_mini_moons, dk_noncrumbling_4,
          minivault_19, uniq_menkaure
D:6:      layout_basic, gammafunk_temple_overflow_claw
D:7:      layout_basic, uniq_crazy_yiuf_cottage
D:8:      cheibrodos_fzero, layout_cave_pools, nicolae_overflow_hidden_temple,
          nicolae_overflow_crystal_walls, serial_ice, serial_ice_o,
          serial_ice_h, serial_ice_b, serial_ice_d, serial_ice_i, serial_ice_g,
          hangedman_pestilent_swarm
D:9:      layout_stronghold, okawaru_gym_becter, erik_orc_4, disabler_island,
          uniq_joseph
D:10:     layout_rooms, basic_altar
D:11:     layout_loops_corners, lair_entry_dummy
D:12:     layout_big_octagon, david_defended_altar_orc
D:13:     layout_loops_cross
D:14:     layout_cave_pods, david_vaults_2, chequers_serial_rivers_micro_c,
          gammafunk_ghost_split, grunt_qazlal_clouds
D:15:     grunt_enter_depths_giant_problem, layout_basic, grunt_decor_arrowhead
Lair:1:   layout_gridlike, serial_bayou_lagoon_b
Lair:2:   layout_big_grid, spider_nest_entry_a, enter_volcano_4, zaba_anthell,
          grunt_megastairs_2
Lair:3:   layout_roguey, chequers_serial_rivers_micro_a, beast_lair_carwin_9,
          serial_bayou_shore_b
Lair:4:   layout_small_grid, minmay_shoals_entry_centaurs, beast_lair_carwin_1
Lair:5:   layout_roguey, slime_altar_1, grunt_megastairs_4, serial_bayou_shore_a
Lair:6:   gammafunk_lair_ancient_temple, layout_regular_city, uniq_nessos
Spider:1: layout_spider_delve
Spider:2: layout_spider_delve, nicolae_spider_webs_and_nodes,
          einodemon_crawler_minivault
Spider:3: layout_spider_delve
Spider:4: spider_rune_water, special_room [special_room_bee]
Orc:1:    layout_caves
Orc:2:    st_orc_mages, layout_caves, basic_altar, uniq_saint_roka
